 Dungeon Crawl Stone Soup version 0.31-a0-740-g87205ac768 (webtiles) character file.

Game seed: 9349288990339983158

312 javelincjr the Ducker (level 6, 0/51 HPs)
             Began as a Gnoll Gladiator on Sept 12, 2023.
             Slain by Pikel
             ... wielding a +2 whip of flaming
              (3 damage)
             ... on level 4 of the Dungeon.
             The game lasted 00:10:21 (2243 turns).

javelincjr the Ducker (Gnoll Gladiator)             Turns: 2243, Time: 00:10:21

Health: 0/51       AC: 15    Str: 15    XL:     6   Next: 42%
Magic:  9/9        EV: 12    Int:  7    God:
Gold:   201        SH:  0    Dex: 14    Spells: 9/9 levels left

rFire   . . .        b - +4 short sword (protect)
rCold   + . .        (no shield)
rNeg    . . .        p - +0 scale mail {rPois}
rPois   +            c - +0 helmet
rElec   .            q - +0 cloak
rCorr   .            (no gloves)
SInv    .            (no boots)
Will    .....        (no amulet)
Stlth   +            h - +4 ring of slaying
HPRegen 0.28/turn    u - ring of protection from cold
MPRegen 0.11/turn

%: no passive effects
@: under a protective aura
A: fangs 1, strong nose, distributed training
a: no special abilities


You were on level 4 of the Dungeon.
You visited 1 branch of the dungeon, and saw 6 of its levels.

You collected 201 gold pieces.

Inventory:

Hand Weapons
 a - a +0 dagger of draining
 b - a +4 short sword of protection (weapon)
 l - a +1 hand axe of distortion
 n - a +1 morningstar of protection
 r - a +0 trident
Missiles
 d - 3 throwing nets (quivered)
 e - a javelin
Armour
 c - a +0 helmet (worn)
 o - a +0 leather armour
 p - a +0 scale mail of poison resistance (worn)
 q - a +0 cloak (worn)
Jewellery
 h - a +4 ring of slaying (left hand)
 u - a ring of protection from cold (right hand)
Scrolls
 j - a scroll of blinking {unknown}
 k - a scroll of teleportation
 m - 2 scrolls of fear {unknown}
Potions
 f - a potion of enlightenment {unknown}
 s - a potion of haste {unknown}
 v - a potion of berserk rage {unknown}


   Skills:
 + Level 5.0 Fighting
 + Level 2.0 Short Blades
 + Level 2.0 Long Blades
 + Level 2.0 Axes
 + Level 2.0 Maces & Flails
 + Level 6.8 Polearms
 + Level 2.0 Staves
 + Level 2.0 Ranged Weapons
 + Level 5.0 Throwing
 + Level 2.0 Armour
 + Level 6.8 Dodging
 + Level 2.0 Stealth
 + Level 2.0 Shields
 + Level 2.0 Unarmed Combat
 + Level 2.0 Spellcasting
 + Level 1.5 Conjurations
 + Level 1.5 Hexes
 + Level 1.5 Summonings
 + Level 1.5 Necromancy
 + Level 1.5 Translocations
 + Level 1.5 Transmutations
 + Level 1.5 Fire Magic
 + Level 1.5 Ice Magic
 + Level 1.5 Air Magic
 + Level 1.5 Earth Magic
 + Level 1.5 Poison Magic
 + Level 2.2 Invocations
 + Level 2.0 Evocations
 + Level 1.8 Shapeshifting


You had 9 spell levels left.
You didn't know any spells.
Your spell library contained the following spells:

 Spells                   Type           Power      Damage    Failure   Level
 Freeze                   Ice            8%         1d3       61%         1
 Ensorcelled Hibernation  Hex/Ice        4%         N/A       75%         2
 Passwall                 Tmut/Erth      1%         N/A       75%         2
 Frozen Ramparts          Ice            4%         1d1       93%         3
 Hailstorm                Conj/Ice       2%         3d3       93%         3
 Swiftness                Air            2%         N/A       93%         3


Dungeon Overview and Level Annotations

Branches:
Dungeon (6/15)
 Temple: D:4-7

Altars:
Ashenzari
Dithmenos
Gozag
Vehumet

Annotations:
D:4 2 runed translucent doors, Pikel


Innate Abilities, Weirdness & Mutations

You have very sharp teeth.
Your uncanny sense of smell can sniff out nearby items.
Your experience applies equally to all skills.


Message History

Pikel hits you with a +2 whip of flaming.
Pikel burns you.
You hit Pikel.
Pikel is heavily wounded.
You hit Pikel.
Pikel is severely wounded.
Pikel zaps a wand.
Your will is overpowered!
You are confused.
You bump into the rock wall.
Pikel hits you with a +2 whip of flaming!
* * * LOW HITPOINT WARNING * * *
Pikel burns you.
* * * LOW HITPOINT WARNING * * *
You feel better. Pikel hits you but does no damage.
You hit Pikel.
Pikel is severely wounded.
Pikel hits you with a +2 whip of flaming.
* * * LOW HITPOINT WARNING * * *
Pikel burns you.
* * * LOW HITPOINT WARNING * * *
You completely miss Pikel.
Pikel is severely wounded.
Pikel zaps a wand.
You resist with some effort.
You hit Pikel. Your punch misses Pikel.
Pikel is severely wounded.
Pikel hits you with a +2 whip of flaming.
* * * LOW HITPOINT WARNING * * *
Pikel burns you.
* * * LOW HITPOINT WARNING * * *
You hit Pikel but do no damage.
Pikel is severely wounded.
Pikel closely misses you.
You hit Pikel but do no damage.
Pikel is severely wounded.
Pikel barely misses you.
You puncture Pikel!
Pikel is almost dead.
Pikel hits you with a +2 whip of flaming.
You die...
Pikel says, "Another soul for the market."

.# # #...........
#####.# #.
#........... .s....#
#.########..##.#####.
###K###
####...............#
#. #5#
........######.##..#
#. #.# #######.#
#.....# #. #.# #.#
#.###.# #. #.# #†#
#.# .# #. #.# #@# #.#
#.####. ... #K# #..
...^... .5# ..
..##### .5.# ∆ ..#.#
#..#.# .+..... .$+.
..#


You could see Pikel (drained) and 2 lemures.

Vanquished Creatures
  A scorpion (D:4)
  A jelly (D:4)
  A hound (D:4)
  An orc priest (D:4)
  A sleepcap (D:5)
  Jessica (D:2)
  Terence (D:2)
  3 gnolls (D:5)
  3 adders (D:2)
  A dart slug (D:5)
  3 orcs
  3 ball pythons
  A giant cockroach (D:1)
  3 hobgoblins
  A quokka (D:1)
  5 bats
  3 frilled lizards
  4 goblins
  7 rats
44 creatures vanquished.

Notes
Turn   | Place    | Note
-------+----------+-------------------------------------------
     0 | D:1      | javelincjr the Gnoll Gladiator began the quest for the Orb.
     0 | D:1      | Reached XP level 1. HP: 20/20 MP: 1/1
   284 | D:1      | Reached XP level 2. HP: 26/26 MP: 2/2
   653 | D:2      | Reached XP level 3. HP: 26/31 MP: 3/3
   806 | D:2      | Reached skill level 1 in Invocations
   929 | D:2      | Reached skill level 1 in Short Blades
   929 | D:2      | Reached skill level 1 in Long Blades
   929 | D:2      | Reached skill level 1 in Axes
   929 | D:2      | Reached skill level 1 in Maces & Flails
   929 | D:2      | Reached skill level 1 in Staves
   929 | D:2      | Reached skill level 1 in Ranged Weapons
   929 | D:2      | Reached skill level 1 in Armour
   929 | D:2      | Reached skill level 1 in Stealth
   929 | D:2      | Reached skill level 1 in Shields
   929 | D:2      | Reached skill level 1 in Unarmed Combat
   929 | D:2      | Reached skill level 1 in Spellcasting
   929 | D:2      | Reached skill level 1 in Evocations
   972 | D:2      | Noticed Terence
   976 | D:2      | Killed Terence
   977 | D:2      | Reached skill level 1 in Shapeshifting
   977 | D:2      | Reached XP level 4. HP: 38/38 MP: 5/5
  1003 | D:2      | Noticed Jessica
  1008 | D:2      | Killed Jessica
  1009 | D:2      | Reached skill level 1 in Conjurations
  1009 | D:2      | Reached skill level 1 in Hexes
  1009 | D:2      | Reached skill level 1 in Summonings
  1009 | D:2      | Reached skill level 1 in Necromancy
  1009 | D:2      | Reached skill level 1 in Translocations
  1009 | D:2      | Reached skill level 1 in Transmutations
  1009 | D:2      | Reached skill level 1 in Fire Magic
  1009 | D:2      | Reached skill level 1 in Ice Magic
  1009 | D:2      | Reached skill level 1 in Air Magic
  1009 | D:2      | Reached skill level 1 in Earth Magic
  1009 | D:2      | Reached skill level 1 in Poison Magic
  1467 | D:3      | You fall into a shaft and drop 3 floors!
  1506 | D:5      | Entered Level 5 of the Dungeon
  1517 | D:5      | Reached XP level 5. HP: 33/43 MP: 5/7
  1759 | D:4      | Found a broken altar of Ashenzari.
  1799 | D:4      | Found a radiant altar of Vehumet.
  1800 | D:4      | Found an opulent altar of Gozag.
  1801 | D:4      | Found a shadowy altar of Dithmenos.
  1832 | D:4      | Noticed a lemure
  1832 | D:4      | Noticed a lemure
  1832 | D:4      | Noticed a lemure
  1833 | D:4      | Noticed Pikel
  1846 | D:4      | Noticed a lemure
  1901 | D:4      | Reached XP level 6. HP: 24/50 MP: 8/8
  2219 | D:4      | Reached skill level 5 in Fighting
  2219 | D:4      | Reached skill level 5 in Throwing
  2220 | D:4      | Found a runed translucent gate.
  2220 | D:4      | Found a runed translucent gate.
  2243 | D:4      | Slain by Pikel

Illustrated notes

Levels and vault maps discovered:
D:1:      dpeg_arrival_erosion, layout_basic
D:2:      layout_loops_ring, st_stairs_9, uniq_jessica, uniq_terence
D:3:      layout_basic, minmay_bisected
D:4:      layout_loops_ring, minitemple, gammafunk_ghost_split, uniq_pikel
D:5:      layout_cave_pools, kiku_gazebo_garden_becter, minmay_misc_feat_room,
          grunt_ministairs_8, nicolae_custom_books, uniq_prince_ribbit1,
          uniq_sigmund
D:6:      layout_rooms, gammafunk_ghost_arena, corexii_shack

Skill      XL: |  1  2  3  4  5  6 |
---------------+-------------------+-----
Invocations    | 1 2 |  2.2
Short Blades   | 1 2 |  2.0
Long Blades    | 1 2 |  2.0
Axes           | 1 2 |  2.0
Maces & Flails | 1 2 |  2.0
Staves         | 1 2 |  2.0
Ranged Weapons | 1 2 |  2.0
Armour         | 1 2 |  2.0
Stealth        | 1 2 |  2.0
Shields        | 1 2 |  2.0
Unarmed Combat | 1 2 |  2.0
Spellcasting   | 1 2 |  2.0
Evocations     | 1 2 |  2.0
Shapeshifting  | 1 |  1.8
Conjurations   | 1 |  1.5
Hexes          | 1 |  1.5
Summonings     | 1 |  1.5
Necromancy     | 1 |  1.5
Translocations | 1 |  1.5
Transmutations | 1 |  1.5
Fire Magic     | 1 |  1.5
Ice Magic      | 1 |  1.5
Air Magic      | 1 |  1.5
Earth Magic    | 1 |  1.5
Poison Magic   | 1 |  1.5
Fighting       | 5 |  5.0
Throwing       | 5 |  5.0
Polearms       | |  6.8
Dodging        | |  6.8

Action                     |  1- 3 |  4- 6 || total
---------------------------+-------+-------++-------
  Melee: Trident           |    48 |       ||    48
         Bite              |     3 |     8 ||    11
         Morningstar       |    12 |       ||    12
         Short sword       |       |    79 ||    79
         Dagger            |       |    11 ||    11
         Punch             |       |     1 ||     1
    Use: Scroll            |       |     7 ||     7
         Potion            |       |     3 ||     3
   Stab: Sleeping          |     1 |       ||     1
 Armour: Leather armour    |    20 |       ||    20
         Scale mail        |       |    71 ||    71
  Dodge: Dodged            |    37 |    55 ||    92

Table legend: (Time is in decaauts)
 A = Elapsed time spent in this place.
 B = Non-inter-level travel time spent in this place.
 C = Inter-level travel time spent in this place.
 D = Time resting spent in this place.
 E = Time spent auto-exploring this place.
 F = Levels seen in this place.
 G = Mean time per level.
                   A        B        C        D        E       F      G
               +--------+--------+--------+--------+--------+-----+--------+
         Total |   2233 |   2181 |     52 |    395 |   1246 |   6 |  372.2 |
       Dungeon |   2233 |   2181 |     52 |    395 |   1246 |   6 |  372.2 |
               +--------+--------+--------+--------+--------+-----+--------+

Top non-repeatable levels by time:
     D:2: 716 daAuts
     D:1: 574 daAuts
     D:4: 475 daAuts
     D:5: 250 daAuts
     D:3: 178 daAuts
     D:6: 38 daAuts
